 Dungeon Crawl Stone Soup version 0.24-a0-613-g1ff6aac338 (webtiles) character file.

Game seed: 8189228830823248245, levelgen mode: deterministic

3089 GordonOverkill the Reanimator (level 9, -1/59 HPs)
             Began as an Octopode Necromancer on Sept 10, 2019.
             Was a Follower of Sif Muna.
             Slain by an ice beast (13 damage)
             ... on level 7 of the Dungeon.
             The game lasted 00:20:39 (12120 turns).

GordonOverkill the Reanimator (OpNe)               Turns: 12120, Time: 00:20:40

Health: -1/59      AC:  1    Str: 10    XL:     9   Next: 89%
Magic:  2/16       EV: 16    Int: 24    God:    Sif Muna [*.....]
Gold:   352        SH:  0    Dex: 16    Spells: 7/18 levels left

rFire    . . .     SeeInvis .   m - +3 dagger (venom)
rCold    . . .     Gourm    .   (no shield)
rNeg     . . .     Faith    .   (helmet restricted)
rPois    .         Spirit   .   (no amulet)
rElec    .         Reflect  .   i - ring of stealth
rCorr    .         Harm     .   t - ring "Vuep" {Str+2 Int+4 Dex+4 Stlth+}
MR       .....                  (no ring)
Stlth    +++++++...             (no ring)
HPRegen  0.19/turn              (no ring)
MPRegen  0.15/turn              (no ring)
                                (no ring)
                                (no ring)

@: no status effects
A: almost no armour, stealthy swim, amphibious, 8 rings, constrict 8, camouflage
1, gelatinous body 1
a: Channel Magic, Renounce Religion


You were on level 7 of the Dungeon.
You worshipped Sif Muna.
Sif Muna was aware of your devotion.
You were near starving.

You visited 2 branches of the dungeon, and saw 8 of its levels.

You collected 352 gold pieces.

Inventory:

Hand Weapons
 m - a +3 dagger of venom (weapon)
 u - a +1 whip of holy wrath
Missiles
 g - 130 sling bullets
 l - 58 stones (quivered)
Jewellery
 i - a ring of stealth (left tentacle)
 t - the ring "Vuep" (right tentacle) {Str+2 Int+4 Dex+4 Stlth+}
   (You found it on level 6 of the Dungeon)

   [ring of stealth]

   It affects your strength (+2).
   It affects your intelligence (+4).
   It affects your dexterity (+4).
   It makes you more stealthy.
Wands
 c - a wand of flame (9)
 h - a wand of iceblast (9)
Scrolls
 a - 3 scrolls of amnesia
 e - 2 scrolls of remove curse
 n - a scroll of magic mapping {unknown}
 o - a scroll of teleportation
 p - a scroll of identify
 v - a scroll of enchant weapon
Potions
 d - a potion of might
 f - 2 potions of flight
 j - a potion of magic
 k - a potion of degeneration
 q - a potion of experience {unknown}
 r - 2 potions of heal wounds {unknown}
 s - a potion of agility
 w - 3 potions of curing {unknown}
 x - a potion of lignification
Comestibles
 b - 14 rations


   Skills:
 + Level 4.4 Fighting
 - Level 5.0 Dodging
 - Level 8.0 Stealth
 - Level 5.0 Spellcasting
 + Level 3.7 Charms
 + Level 8.3 Necromancy
 + Level 4.1 Invocations


You had 7 spell levels left.
You knew the following spells:

 Your Spells              Type           Power        Failure   Level  Hunger
a - Pain                  Necr           ####         1%          1    None
b - Animate Dead          Necr           N/A          2%          4    ####...
c - Vampiric Draining     Necr           #####.....   1%          3    ##.....
d - Regeneration          Chrm/Necr      #####.....   2%          3    ##.....

Your spell library contained the following spells:

 Spells                   Type           Power        Failure   Level  Hunger
 Animate Skeleton         Necr           N/A          1%          1    None


Dungeon Overview and Level Annotations

Branches:
Dungeon (7/15)             Temple (1/1) D:5

Altars:
Ashenzari
Cheibriados
Dithmenos
Elyvilon
Fedhas
Gozag
Hepliaklqana
Kikubaaqudgha
Makhleb
Okawaru
Qazlal
Ru
Sif Muna
Trog
Uskayaw
Vehumet
Wu Jian
Xom
Yredelemnul
Zin
The Shining One

Shops:
D:5 *


Innate Abilities, Weirdness & Mutations

You cannot wear most types of armour.
You are very stealthy in the water. (Stealth+)
You are amphibious.
You can wear up to eight rings at the same time.
You can use your tentacles to constrict eight enemies at once.
Your skin changes colour to match your surroundings (Stealth+).
Your rubbery body absorbs attacks. (AC +1, EV +1)


Message History

Unknown command.
Okay, then.
Evoke which item? (* to show all) (? for menu, Esc to quit)
Aiming: Throw Flame
Press: ? - help, Shift-Dir - straight line, f - ice beast
Aim: an ice beast The puff of flame misses the ice beast.
You constrict the orc.
You kill the orc!
Sif Muna accepts your kill. The ice beast misses you.
The orc wizard gestures wildly while chanting.
The orc wizard blinks!
The ice beast closely misses you.
The orc wizard gestures at you while chanting.
The magic dart hits you.
* * * LOW HITPOINT WARNING * * *
The ice beast hits you.
* * * LOW HITPOINT WARNING * * *
The ice beast freezes you!
You die...

#.##.#.... .#
###.......### .#
............#####.#
..................#
.......#..........#
.......#.......o..#
................>.# #
.......#..#.####Y.#.#
..........#)####@.#.#####
.......##................
....... ###.####..#.####
####+### #.# #..#.#
.......## #.# #..# #
####....# #.####..# # # #
###..# #....#..#.#.#
######..###....#..#...#
.........##....#......##


You could see an ice beast and an orc wizard.

Vanquished Creatures
  A kobold demonologist (D:4)
  A hippogriff (D:7)
  Sigmund (D:3)
  Eustachio (D:5)
  Menkaure (D:6)
  A water moccasin (D:5)
  2 ice beasts
  2 orc warriors (D:6)
  2 phantoms
  2 ogres
  3 bullfrogs (D:6)
  6 killer bees (D:7)
  2 howler monkeys (D:5)
  A bullfrog zombie (D:6)
  A jelly (D:6)
  3 orc priests
  Crazy Yiuf (D:6)
  A bullfrog skeleton (D:5)
  A hound (D:6)
  6 orc wizards
  An iguana (D:5)
  Natasha (thrice) (D:3 D:2)
  2 worker ants (D:6)
  A hound skeleton (D:4)
  6 gnolls
  8 adders
  5 shadow imps
  2 oozes
  4 worms
  2 dart slugs
  5 leopard geckos
  24 orcs
  5 bats
  6 giant cockroaches
  13 goblins
  6 hobgoblins
  20 jackals
  A quokka (D:2)
  A ball python (D:7)
  6 frilled lizards
  6 kobolds
  A leopard gecko skeleton (D:5)
  A quokka zombie (D:7)
  9 rats
177 creatures vanquished.

Notes
Turn   | Place    | Note
-------+----------+-------------------------------------------
     0 | D:1      | GordonOverkill the Octopode Necromancer began the quest for
                  | the Orb.
     0 | D:1      | Reached XP level 1. HP: 11/11 MP: 3/3
     6 | D:1      | Noticed a crocodile
     6 | D:1      | Noticed a swamp drake
     6 | D:1      | Noticed a polar bear
     6 | D:1      | Noticed an anaconda
   480 | D:1      | Reached XP level 2. HP: 11/18 MP: 0/5
   706 | D:1      | Found a snail-covered altar of Cheibriados.
  1278 | D:2      | Reached XP level 3. HP: 19/22 MP: 2/6
  1475 | D:2      | Reached skill level 1 in Fighting
  2061 | D:2      | Reached XP level 4. HP: 19/28 MP: 0/7
  2805 | D:2      | Reached XP level 5. HP: 31/34 MP: 7/9
  2845 | D:3      | Noticed Sigmund
  3520 | D:3      | Killed Sigmund
  3520 | D:3      | Reached XP level 6. HP: 11/41 MP: 6/10
  4004 | D:3      | Noticed Natasha
  4009 | D:3      | Killed Natasha
  4096 | D:3      | Reached skill level 5 in Stealth
  4202 | D:3      | Reached skill level 5 in Necromancy
  4555 | D:3      | Noticed Natasha
  4709 | D:2      | Killed Natasha
  4709 | D:2      | Reached XP level 7. HP: 6/45 MP: 9/12
  4991 | D:2      | Noticed Natasha
  5003 | D:2      | Killed Natasha
  6179 | D:4      | Found a transporter.
  6397 | D:4      | Noticed a kobold demonologist
  6414 | D:4      | Found a transporter.
  6604 | D:4      | Learned a level 4 spell: Animate Dead
  6608 | D:4      | Learned a level 3 spell: Vampiric Draining
  6612 | D:4      | Learned a level 3 spell: Regeneration
  6931 | D:4      | Killed a kobold demonologist
  6931 | D:4      | Reached XP level 8. HP: 54/54 MP: 12/14
  7134 | D:5      | Entered Level 5 of the Dungeon
  7218 | D:5      | Noticed Eustachio
  7225 | D:5      | Killed Eustachio
  7398 | D:5      | Found Eleryv's Serpentskin Sales.
  7969 | D:5      | Found a staircase to the Ecumenical Temple.
  8208 | Temple   | Entered the Ecumenical Temple
  8501 | Temple   | Became a worshipper of Sif Muna the Loreminder
  9415 | D:6      | Reached skill level 1 in Invocations
  9422 | D:6      | Reached skill level 1 in Charms
  9422 | D:6      | Reached XP level 9. HP: 45/58 MP: 15/15
  9694 | D:6      | Got a transparent bone ring
  9709 | D:6      | Noticed Menkaure
  9718 | D:6      | Killed Menkaure
 10262 | D:6      | Reached skill level 5 in Dodging
 11034 | D:6      | Reached skill level 5 in Spellcasting
 11183 | D:6      | Found a runed translucent door.
 11184 | D:6      | Noticed Crazy Yiuf
 11399 | D:6      | Killed Crazy Yiuf
 11413 | D:6      | Identified the ring "Vuep" {Str+2 Int+4 Dex+4 Stlth+} (You
                  | found it on level 6 of the Dungeon)
 11642 | D:7      | Reached * piety under Sif Muna
 12096 | D:7      | Identified the +11 long sword of Ruotwiati {antimagic,
                  | rPois rF+ MR+ Stlth-}
 12120 | D:7      | Slain by an ice beast

Levels and vault maps discovered:
D:1:      onia_arrival_zoo_common, layout_basic, dk_noncrumbling_3,
          cheibriados_altar_1
D:2:      layout_loops_cross, grunt_ministairs_10
D:3:      layout_rooms, first_ration, uniq_sigmund, uniq_natasha
D:4:      gammafunk_wand_slinger, layout_layer_cave
D:5:      layout_loops_corners, minmay_temple_entry_mist, guppyfry_shop_venom,
          uniq_eustachio
D:6:      layout_layer_cave, corexii_checkpoint_a, uniq_menkaure,
          uniq_crazy_yiuf_cottage
D:7:      layout_basic, minmay_hedge_maze
Temple:   regret_index_temple_sigil_plot

Skill      XL: |  1  2  3  4  5  6  7  8  9 |
---------------+----------------------------+-----
Stealth        | 3 4 5 6 8 |  8.0
Fighting       | 1 2 3 4 |  4.4
Dodging        | 3 4 5 |  5.0
Spellcasting   | 3 4 5 |  5.0
Necromancy     | 5 7 8 |  8.3
Invocations    | 1 4 |  4.1
Charms         | 1 3 |  3.7

Action                   |  1- 3 |  4- 6 |  7- 9 || total
-------------------------+-------+-------+-------++-------
Melee: Dagger            |     7 |    34 |   158 ||   199
       Constrict         |     3 |    18 |    37 ||    58
       Tentacles         |     1 |     8 |    25 ||    34
       Unarmed           |       |    27 |    22 ||    49
Throw: Stone             |       |     1 |     7 ||     8
 Cast: Pain              |    64 |    89 |   112 ||   265
       Vampiric Draining |       |       |    27 ||    27
Evoke: Wand              |       |       |    11 ||    11
  Use: Scroll            |       |     8 |     1 ||     9
       Potion            |       |       |     5 ||     5
 Stab: Distracted        |     1 |       |       ||     1
       Sleeping          |       |     1 |     8 ||     9
  Eat: Chunk             |     4 |     8 |    16 ||    28
       Ration            |       |       |     2 ||     2
Armor: Skin              |     2 |     7 |    36 ||    45
Dodge: Dodged            |     9 |    76 |   147 ||   232

Table legend:
 A = Non-vault XP
 B = Vault XP
 C = Vault XP percentage of total XP
 D = Non-vault monster count
 E = Vault monster count
 F = Vault count percentage of total count
                 A         B        C        D         E       F
            +---------+---------+-------+---------+---------+-------
      Total |    3088 |    1325 |  30.0 |     160 |      17 |   9.6
            +---------+---------+-------+---------+---------+-------
        D:1 |      27 |       0 |   0.0 |      17 |       0 |   0.0
        D:2 |     244 |       7 |   2.8 |      36 |       2 |   5.3
        D:3 |     149 |     262 |  63.7 |      34 |       2 |   5.6
        D:4 |     178 |     492 |  73.4 |      15 |       6 |  28.6
        D:5 |     457 |     347 |  43.2 |      17 |       3 |  15.0
        D:6 |    1207 |     217 |  15.2 |      23 |       4 |  14.8
        D:7 |     826 |       0 |   0.0 |      18 |       0 |   0.0
            +---------+---------+-------+---------+---------+-------
